WCHLSIM.com - West Coast Hockey League
html PUBLIC "-//W3C//DTD XHTML 1.0 Transitional//EN" "http://www.w3.org/TR/xhtml1/DTD/xhtml1-transitional.dtd"> WCHL - Game 685 - RENO LIONS vs SALEM BLACK JAYS

RENO LIONS vs SALEM BLACK JAYS

Created - 25 janvier 2023 at 08:22

Goals
1 2 3 T
RENO LIONS 0 0 0 0
SALEM BLACK JAYS 1 0 0 1
Shots
1 2 3 T
RENO LIONS 9 6 6 21
SALEM BLACK JAYS 5 12 8 25

1st period

1. SALEM BLACK JAYS , Mitchell Marner 14 (Martin Necas 22, Evgeny Dadonov 19) at 5:14

Penalties :
Mattias Samuelsson (REN) for Hooking (Minor) at 1:34, Jacob Trouba (REN) for Hooking (Minor) at 8:07, Michael Del Zotto (SAL) for Hooking (Minor) at 18:28

2nd period

No Goal

Penalties :
Nicholas Ritchie (REN) for Unsportsmanlike conduct (Minor) at 0:32, Mathew Barzal (SAL) for Charging (Minor) at 12:25, Ilya Mikheyev (REN) for High sticking (Minor) at 17:58

3rd period

No Goal

Penalties :
Mattias Samuelsson (REN) for Hooking (Minor) at 1:49

Goalie Stats

Elvis Merzlikins (REN), 24 saves from 25 shots - (0,960), L, 16-15-2, 60:00 minutes
Juuse Saros (SAL), 21 saves from 21 shots - (1,000), W, 17-12-3, 60:00 minutes

Players Stats for RENO LIONS

Player Name              G  A  P  +/- PIM S  H  SB GA TA FO     MP     PP MP  PK MP  
------------------------------------------------------------------------------------
Andreas Johnsson         0  0  0  -1  0   0  0  0  0  0  0/1    10:56   2:10   0:00 
Cam Atkinson             0  0  0   0  0   5  0  2  0  0  0/1    20:48   1:18   5:08 
Derek Grant              0  0  0   0  0   1  0  0  0  0  7/13   19:09   0:00   4:47 
Elias Pettersson         0  0  0   0  0   6  0  0  0  0  2/2    17:27   1:48   0:00 
Ethan Bear               0  0  0   0  0   1  0  1  0  0  0/0    16:35   0:34   5:18 
Glenn Gawdin             0  0  0   0  0   1  0  0  0  0  1/1     7:50   0:30   0:00 
Ilya Mikheyev            0  0  0   0  2   0  3  0  0  0  0/0    15:35   1:14   0:00 
Jacob Trouba             0  0  0  -1  2   1  3  4  0  0  0/0    24:29   2:39   1:39 
Janne Kuokkanen          0  0  0   0  0   0  0  0  0  0  1/1     7:20   0:00   0:00 
Kirill Kaprizov          0  0  0   0  0   2  1  0  0  0  0/0    17:49   2:10   0:00 
Laurent Dauphin          0  0  0   0  0   2  0  0  0  0  2/8    12:07   0:00   4:47 
Mattias Samuelsson       0  0  0   0  4   0  2  1  0  0  0/0    18:53   0:45   2:58 
Nicholas Ritchie         0  0  0  -1  2   1  1  0  0  0  0/0     9:19   0:34   0:00 
Nikita Zadorov           0  0  0   0  0   0  3  2  0  0  0/0    20:41   0:45   5:18 
Oliver Ekman-Larsson     0  0  0  -1  0   0  1  0  0  0  0/0    22:51   2:39   0:00 
Patrick Brown            0  0  0  -1  0   0  0  0  0  0  18/24  13:54   0:00   5:08 
Robert Hagg              0  0  0   0  0   0  3  0  0  0  0/0    15:54   0:34   4:37 
Steven Stamkos           0  0  0   0  0   1  0  0  0  0  14/19  18:23   2:10   0:00 

Players Stats for SALEM BLACK JAYS

Player Name              G  A  P  +/- PIM S  H  SB GA TA FO     MP     PP MP  PK MP  
------------------------------------------------------------------------------------
Brian Boyle              0  0  0   0  0   0  2  0  0  0  1/2    13:04   0:00   2:23 
Cody Ceci                0  0  0   0  0   1  2  0  0  0  0/0    22:54   5:29   1:20 
Daniel Sprong            0  0  0   0  0   0  0  0  0  0  0/2    11:53   0:00   1:12 
Dylan Cozens             0  0  0   0  0   0  0  0  0  0  2/5     5:10   0:00   0:00 
Evgeny Dadonov           0  1  1   1  0   7  0  0  0  0  1/2    19:59   4:39   0:46 
Filip Chytil             0  0  0   0  0   1  0  0  0  0  0/0     5:10   0:00   0:00 
Joshua Morrissey         0  0  0   0  0   0  2  1  0  0  0/0    24:17   4:58   1:31 
Martin Necas             0  1  1   1  0   3  1  0  0  0  10/29  20:54   4:39   1:41 
Mathew Barzal            0  0  0   0  2   3  1  0  0  0  5/17   20:57   5:16   0:00 
Matt Benning             0  0  0   0  0   0  0  0  0  0  0/0     6:00   0:31   0:19 
Michael Del Zotto        0  0  0   1  2   0  0  0  0  0  0/0    18:27   4:26   1:07 
Mikko Rantanen           0  0  0   0  0   4  3  0  0  0  0/0    20:58   5:16   0:00 
Mitchell Marner          1  0  1   1  0   2  1  0  0  0  0/1    19:54   4:39   0:00 
Nick Jensen              0  0  0   0  0   0  2  1  0  0  0/0    24:05   4:26   2:32 
Scott Mayfield           0  0  0   0  0   0  4  0  0  0  0/0    17:12   0:00   1:07 
Theodor Blueger          0  0  0   0  0   1  0  0  0  0  6/10   12:35   0:00   1:54 
Troy Terry               0  0  0   0  0   3  0  0  0  0  0/2    20:17   5:16   0:00 
Urho Vaakanainen         0  0  0   1  0   0  0  0  0  0  0/0    12:14   0:00   0:00 

3 Stars

1 - Juuse Saros (SAL)
2 - Elvis Merzlikins (REN)
3 - Mitchell Marner (SAL)

Power Play

RENO LIONS - 0 on 2 Attempt(s) - 0,00%
SALEM BLACK JAYS - 0 on 5 Attempt(s) - 0,00%

Penalty Kill

RENO LIONS - 5 on 5 Attempt(s) - 100,00% - Score 0 goal in Penalty Kill
SALEM BLACK JAYS - 2 on 2 Attempt(s) - 100,00% - Score 0 goal in Penalty Kill

Team Stat

RENO LIONS - Hits : 17 - Faceoff Wins : 45 - Blocked Shots : 10 - Penalty Minutes : 10
SALEM BLACK JAYS - Hits : 18 - Faceoff Wins : 25 - Blocked Shots : 2 - Penalty Minutes : 4

Official

Referees : Kenny Anderson and Sean MacFarlane
Linesman : Michel Cormier and Libor Suchanek

Game Notes

No Game Note

Finance

Level 1 -- Attendance: 6000 (100,00%) -- Ticket Income 918 000 $
Level 2 -- Attendance: 5000 (100,00%) -- Ticket Income 535 000 $
Level 3 -- Attendance: 2000 (100,00%) -- Ticket Income 162 000 $
Level 4 -- Attendance: 4000 (100,00%) -- Ticket Income 232 000 $
Luxury Box -- Attendance: 1000 (100,00%) -- Ticket Income 278 000 $
Game was played at the Demon Arena.
Total Attendance: 18000 (100,00%)
Total Ticket Income: 2 125 000 $
Other Expense: 21 250 $
Total Income: 2 103 750 $

RENO LIONS

5 vs 5 Forward 
   Center                   Left Wing                Right Wing               Time % Phy DF OF 
 1 Steven Stamkos           Kirill Kaprizov          Elias Pettersson         35     0   1  4  
 2 Derek Grant              Ilya Mikheyev            Cam Atkinson             35     0   1  4  
 3 Patrick Brown            Nicholas Ritchie         Andreas Johnsson         20     1   3  1  
 4 Laurent Dauphin          Janne Kuokkanen          Glenn Gawdin             10     2   3  0  

5 vs 5 Defense 
   Defense                  Defense                                           Time % Phy DF OF 
 1 Jacob Trouba             Oliver Ekman-Larsson                              36     1   2  2  
 2 Nikita Zadorov           Mattias Samuelsson                                31     1   2  2  
 3 Ethan Bear               Robert Hagg                                       23     1   2  2  
 4 Jacob Trouba             Oliver Ekman-Larsson                              10     1   2  2  

PowerPlay Forward 
   Center                   Left Wing                Right Wing               Time % Phy DF OF 
 1 Elias Pettersson         Ilya Mikheyev            Cam Atkinson             70     0   0  5  
 2 Steven Stamkos           Kirill Kaprizov          Andreas Johnsson         30     0   0  5  

PowerPlay Defense
   Defense                  Defense                                           Time % Phy DF OF 
 1 Jacob Trouba             Oliver Ekman-Larsson                              60     1   2  2  
 2 Mattias Samuelsson       Nikita Zadorov                                    40     1   2  2  

Penalty Kill 4 Players Forward 
   Center                   Wing                     Time % Phy DF OF 
 1 Patrick Brown            Cam Atkinson             55     1   2  2  
 2 Laurent Dauphin          Derek Grant              45     1   2  2  

Penalty Kill 4 Players Defense
   Defense                  Defense                  Time % Phy DF OF 
 1 Mattias Samuelsson       Robert Hagg              55     1   2  2  
 2 Ethan Bear               Nikita Zadorov           45     1   2  2  

Penalty Kill - 3 Players Forward 
   Forward                                           Time % Phy DF OF 
 1 Cam Atkinson                                      55     1   2  2  
 2 Derek Grant                                       45     1   2  2  

Penalty Kill - 3 Players Defense
   Defense                  Defense                  Time % Phy DF OF 
 1 Robert Hagg              Oliver Ekman-Larsson     55     1   2  2  
 2 Mattias Samuelsson       Robert Hagg              45     1   2  2  

4 vs 4 Forward 
   Center                   Wing                     Time % Phy DF OF 
 1 Derek Grant              Andreas Johnsson         55     1   2  2  
 2 Glenn Gawdin             Nicholas Ritchie         45     1   2  2  

4 vs 4 Defense
   Defense                  Defense                  Time % Phy DF OF 
 1 Ethan Bear               Robert Hagg              55     1   2  2  
 2 Nikita Zadorov           Oliver Ekman-Larsson     45     1   2  2  

Last Minutes Offensive
   Center                   Left Wing                Right Wing               Defense                  Defense                  
   Steven Stamkos           Kirill Kaprizov          Elias Pettersson         Jacob Trouba             Oliver Ekman-Larsson     

Last Minutes Defensive
   Center                   Left Wing                Right Wing               Defense                  Defense                  
   Steven Stamkos           Kirill Kaprizov          Ilya Mikheyev            Jacob Trouba             Oliver Ekman-Larsson     

Goaltenders
Starting : Elvis Merzlikins         
Backup : Eric Comrie              

Extra Forwards
Normal : Steven Stamkos, Cam Atkinson, Derek Grant - PP : Andreas Johnsson, Nicholas Ritchie - PK : Patrick Brown
Extra Defensemen
Normal : Nikita Zadorov, Ethan Bear, Jacob Trouba - PP : Oliver Ekman-Larsson - PK : Mattias Samuelsson, Robert Hagg
Penalty Shots
Steven Stamkos, Kirill Kaprizov, Elias Pettersson, Cam Atkinson, Ilya Mikheyev
Custom OT Lines Forwards
Steven Stamkos, Kirill Kaprizov, Elias Pettersson, Cam Atkinson, Ilya Mikheyev, Derek Grant, Andreas Johnsson, Nicholas Ritchie, Laurent Dauphin, Janne Kuokkanen
Custom OT Lines Defensemen
Jacob Trouba, Oliver Ekman-Larsson, Nikita Zadorov, Mattias Samuelsson, Robert Hagg

Scratches
Vincent Hinostroza (Sprained Right Ankle Injury), Pierre-Luc Dubois (Torn Right ACL Injury)

SALEM BLACK JAYS

5 vs 5 Forward 
   Center                   Left Wing                Right Wing               Time % Phy DF OF 
 1 Mathew Barzal            Mikko Rantanen           Troy Terry               33     1   1  3  
 2 Martin Necas             Evgeny Dadonov           Mitchell Marner          32     1   1  3  
 3 Theodor Blueger          Brian Boyle              Daniel Sprong            25     1   2  2  
 4 Dylan Cozens             Matt Benning             Filip Chytil             10     1   2  2  

5 vs 5 Defense 
   Defense                  Defense                                           Time % Phy DF OF 
 1 Joshua Morrissey         Nick Jensen                                       36     1   2  2  
 2 Scott Mayfield           Cody Ceci                                         31     1   2  2  
 3 Urho Vaakanainen         Michael Del Zotto                                 23     1   3  1  
 4 Joshua Morrissey         Nick Jensen                                       10     1   1  3  

PowerPlay Forward 
   Center                   Left Wing                Right Wing               Time % Phy DF OF 
 1 Mathew Barzal            Mikko Rantanen           Troy Terry               55     1   0  4  
 2 Martin Necas             Evgeny Dadonov           Mitchell Marner          45     1   0  4  

PowerPlay Defense
   Defense                  Defense                                           Time % Phy DF OF 
 1 Cody Ceci                Joshua Morrissey                                  55     1   1  3  
 2 Nick Jensen              Michael Del Zotto                                 45     1   1  3  

Penalty Kill 4 Players Forward 
   Center                   Wing                     Time % Phy DF OF 
 1 Brian Boyle              Martin Necas             55     1   4  0  
 2 Theodor Blueger          Evgeny Dadonov           45     1   4  0  

Penalty Kill 4 Players Defense
   Defense                  Defense                  Time % Phy DF OF 
 1 Cody Ceci                Nick Jensen              55     1   4  0  
 2 Scott Mayfield           Michael Del Zotto        45     1   4  0  

Penalty Kill - 3 Players Forward 
   Forward                                           Time % Phy DF OF 
 1 Martin Necas                                      55     1   4  0  
 2 Theodor Blueger                                   45     1   4  0  

Penalty Kill - 3 Players Defense
   Defense                  Defense                  Time % Phy DF OF 
 1 Cody Ceci                Nick Jensen              55     1   4  0  
 2 Scott Mayfield           Joshua Morrissey         45     1   4  0  

4 vs 4 Forward 
   Center                   Wing                     Time % Phy DF OF 
 1 Mathew Barzal            Mitchell Marner          55     1   2  2  
 2 Mikko Rantanen           Troy Terry               45     1   2  2  

4 vs 4 Defense
   Defense                  Defense                  Time % Phy DF OF 
 1 Michael Del Zotto        Cody Ceci                55     1   2  2  
 2 Nick Jensen              Scott Mayfield           45     1   2  2  

Last Minutes Offensive
   Center                   Left Wing                Right Wing               Defense                  Defense                  
   Mathew Barzal            Mikko Rantanen           Mitchell Marner          Joshua Morrissey         Michael Del Zotto        

Last Minutes Defensive
   Center                   Left Wing                Right Wing               Defense                  Defense                  
   Mathew Barzal            Mikko Rantanen           Mitchell Marner          Joshua Morrissey         Michael Del Zotto        

Goaltenders
Starting : Juuse Saros              
Backup : Anthony Stolarz          

Extra Forwards
Normal : Martin Necas, Brian Boyle, Dylan Cozens - PP : Martin Necas, Theodor Blueger - PK : Mitchell Marner
Extra Defensemen
Normal : Cody Ceci, Nick Jensen, Scott Mayfield - PP : Nick Jensen - PK : Cody Ceci, Michael Del Zotto
Penalty Shots
Mikko Rantanen, Mitchell Marner, Martin Necas, Troy Terry, Mathew Barzal
Custom OT Lines Forwards
Martin Necas, Mitchell Marner, Mikko Rantanen, Troy Terry, Mathew Barzal, Filip Chytil, Evgeny Dadonov, Dylan Cozens, Theodor Blueger, Brian Boyle
Custom OT Lines Defensemen
Joshua Morrissey, Michael Del Zotto, Nick Jensen, Cody Ceci, Scott Mayfield

Scratches
Dylan Larkin (Dislocated Patella Injury)

% Time on Ice - RENO LIONS

Lines # - Real PCT - Wanted PCT - Time Play
Normal Forward
1 - 34% - 35% - 15:39
2 - 31% - 35% - 14:22
3 - 19% - 20% - 8:46
4 - 16% - 10% - 7:20
Normal Defense
1 - 36% - 36% - 16:27
2 - 33% - 31% - 15:12
3 - 23% - 23% - 10:43
4 - 8% - 10% - 3:45
PP Forward
1 - 33% - 70% - 1:18
2 - 67% - 30% - 2:40
PP Defense
1 - 81% - 60% - 3:13
2 - 19% - 40% - 0:45
PK Forward
1 - 52% - 55% - 5:08
2 - 48% - 45% - 4:47
PK Defense
1 - 47% - 55% - 4:37
2 - 53% - 45% - 5:18
PK3 Forward
1 - 0% - 55%
2 - 0% - 45%
PK3 Defense
1 - 0% - 55%
2 - 0% - 45%
44 Forward
1 - 0% - 55%
2 - 0% - 45%
44 Defense
1 - 0% - 55%
2 - 0% - 45%
Last Minute Offensive  - 0:00
Last Minute Defensive  - 0:00
Total
Forward - 60:00
Defense - 60:00

% Time on Ice - SALEM BLACK JAYS

Lines # - Real PCT - Wanted PCT - Time Play
Normal Forward
1 - 33% - 33% - 15:01
2 - 32% - 32% - 14:34
3 - 24% - 25% - 10:41
4 - 11% - 10% - 5:10
Normal Defense
1 - 34% - 36% - 15:20
2 - 35% - 31% - 16:05
3 - 27% - 23% - 12:14
4 - 4% - 10% - 1:47
PP Forward
1 - 53% - 55% - 5:16
2 - 47% - 45% - 4:39
PP Defense
1 - 55% - 55% - 5:29
2 - 45% - 45% - 4:26
PK Forward
1 - 73% - 55% - 2:53
2 - 27% - 45% - 1:05
PK Defense
1 - 64% - 55% - 2:32
2 - 36% - 45% - 1:26
PK3 Forward
1 - 0% - 55%
2 - 0% - 45%
PK3 Defense
1 - 0% - 55%
2 - 0% - 45%
44 Forward
1 - 0% - 55%
2 - 0% - 45%
44 Defense
1 - 0% - 55%
2 - 0% - 45%
Last Minute Offensive  - 0:00
Last Minute Defensive  - 0:41
Total
Forward - 60:00
Defense - 60:00

Play-by-Play

1st period


0:01 of 1st period - Steven Stamkos wins face-off versus Mathew Barzal in neutral zone.
0:41 of 1st period - Kirill Kaprizov is hit by Nick Jensen and loses puck.
1:04 of 1st period - Icing by Cody Ceci.
1:05 of 1st period - Martin Necas wins face-off versus Derek Grant in SALEM BLACK JAYS zone.
1:05 of 1st period - Evgeny Dadonov is hit by Ilya Mikheyev and loses puck.
1:33 of 1st period - Shot by Evgeny Dadonov.
1:33 of 1st period - Shot Blocked by Cam Atkinson.
1:34 of 1st period - Minor Penalty to Mattias Samuelsson for Hooking.
1:35 of 1st period - Patrick Brown wins face-off versus Mathew Barzal in RENO LIONS zone.
2:06 of 1st period - Shot by Mikko Rantanen.
2:06 of 1st period - Shot Misses the Net.
2:25 of 1st period - Off-side.
2:26 of 1st period - Martin Necas wins face-off versus Cam Atkinson in neutral zone.
3:00 of 1st period - Icing by Mitchell Marner.
3:01 of 1st period - Patrick Brown wins face-off versus Martin Necas in SALEM BLACK JAYS zone.
3:01 of 1st period - Cam Atkinson is hit by Cody Ceci and loses puck.
3:05 of 1st period - Icing by Cody Ceci.
3:06 of 1st period - Patrick Brown wins face-off versus Martin Necas in SALEM BLACK JAYS zone.
3:07 of 1st period - Shot by Cam Atkinson.
3:07 of 1st period - Stopped by Juuse Saros without a rebound.
3:08 of 1st period - Patrick Brown wins face-off versus Mathew Barzal in SALEM BLACK JAYS zone.
3:42 of 1st period - Daniel Sprong is hit by Nikita Zadorov and loses puck.
3:54 of 1st period - Icing by Scott Mayfield.
3:55 of 1st period - Theodor Blueger wins face-off versus Derek Grant in SALEM BLACK JAYS zone.
4:50 of 1st period - Icing by Jacob Trouba.
4:51 of 1st period - Martin Necas wins face-off versus Patrick Brown in RENO LIONS zone.
5:12 of 1st period - Shot by Mitchell Marner.
5:12 of 1st period - Shot Blocked by Jacob Trouba.
5:14 of 1st period - Shot by Mitchell Marner.
5:14 of 1st period - Goal by Mitchell Marner - RENO LIONS : 0 - SALEM BLACK JAYS : 1.
5:15 of 1st period - Mathew Barzal wins face-off versus Laurent Dauphin in neutral zone.
5:52 of 1st period - Shot by Glenn Gawdin.
5:52 of 1st period - Deflect By Laurent Dauphin.
5:52 of 1st period - Stopped by Juuse Saros without a rebound.
5:53 of 1st period - Derek Grant wins face-off versus Martin Necas in SALEM BLACK JAYS zone.
6:08 of 1st period - Shot by Cam Atkinson.
6:08 of 1st period - Shot Misses the Net.
6:10 of 1st period - Shot by Ilya Mikheyev.
6:10 of 1st period - Shot Misses the Net.
6:12 of 1st period - Shot by Ilya Mikheyev.
6:12 of 1st period - Shot Misses the Net.
6:14 of 1st period - Shot by Ethan Bear.
6:14 of 1st period - Stopped by Juuse Saros without a rebound.
6:15 of 1st period - Steven Stamkos wins face-off versus Dylan Cozens in SALEM BLACK JAYS zone.
6:32 of 1st period - Shot by Kirill Kaprizov.
6:32 of 1st period - Stopped by Juuse Saros with a rebound.
6:38 of 1st period - Matt Benning is hit by Kirill Kaprizov and loses puck.
7:06 of 1st period - Shot by Mathew Barzal.
7:06 of 1st period - Shot Hit the Post.
7:37 of 1st period - Mathew Barzal is hit by Oliver Ekman-Larsson and loses puck.
7:41 of 1st period - Icing by Jacob Trouba.
7:42 of 1st period - Steven Stamkos wins face-off versus Martin Necas in RENO LIONS zone.
7:54 of 1st period - Shot by Evgeny Dadonov.
7:54 of 1st period - Stopped by Elvis Merzlikins with a rebound.
7:58 of 1st period - Shot by Evgeny Dadonov.
7:58 of 1st period - Stopped by Elvis Merzlikins with a rebound.
8:07 of 1st period - Minor Penalty to Jacob Trouba for Hooking.
8:08 of 1st period - Patrick Brown wins face-off versus Troy Terry in RENO LIONS zone.
8:08 of 1st period - Patrick Brown is hit by Mikko Rantanen.
9:35 of 1st period - Shot by Evgeny Dadonov.
9:35 of 1st period - Shot Misses the Net.
9:50 of 1st period - Icing by Martin Necas.
9:51 of 1st period - Martin Necas wins face-off versus Laurent Dauphin in SALEM BLACK JAYS zone.
10:26 of 1st period - Janne Kuokkanen is hit by Scott Mayfield.
11:16 of 1st period - Shot by Elias Pettersson.
11:16 of 1st period - Stopped by Juuse Saros without a rebound.
11:17 of 1st period - Mathew Barzal wins face-off versus Derek Grant in SALEM BLACK JAYS zone.
11:42 of 1st period - Shot by Cam Atkinson.
11:42 of 1st period - Stopped by Juuse Saros without a rebound.
11:43 of 1st period - Evgeny Dadonov wins face-off versus Andreas Johnsson in SALEM BLACK JAYS zone.
12:05 of 1st period - Shot by Evgeny Dadonov.
12:05 of 1st period - Shot Misses the Net.
12:07 of 1st period - Shot by Evgeny Dadonov.
12:07 of 1st period - Shot Misses the Net.
12:14 of 1st period - Icing by Mattias Samuelsson.
12:15 of 1st period - Mathew Barzal wins face-off versus Patrick Brown in RENO LIONS zone.
12:53 of 1st period - Off-side.
12:54 of 1st period - Steven Stamkos wins face-off versus Martin Necas in neutral zone.
13:13 of 1st period - Shot by Kirill Kaprizov.
13:13 of 1st period - Stopped by Juuse Saros with a rebound.
15:41 of 1st period - Icing by Andreas Johnsson.
15:42 of 1st period - Patrick Brown wins face-off versus Martin Necas in RENO LIONS zone.
16:55 of 1st period - Shot by Cam Atkinson.
16:55 of 1st period - Shot Misses the Net.
17:23 of 1st period - Shot by Cam Atkinson.
17:23 of 1st period - Shot Misses the Net.
17:37 of 1st period - Shot by Laurent Dauphin.
17:37 of 1st period - Shot Misses the Net.
18:01 of 1st period - Shot by Mathew Barzal.
18:01 of 1st period - Stopped by Elvis Merzlikins with a rebound.
18:03 of 1st period - Shot by Mathew Barzal.
18:03 of 1st period - Stopped by Elvis Merzlikins without a rebound.
18:04 of 1st period - Steven Stamkos wins face-off versus Theodor Blueger in RENO LIONS zone.
18:28 of 1st period - Minor Penalty to Michael Del Zotto for Hooking.
18:29 of 1st period - Elias Pettersson wins face-off versus Daniel Sprong in SALEM BLACK JAYS zone.
18:29 of 1st period - Cam Atkinson is hit by Joshua Morrissey.
18:51 of 1st period - Shot by Cam Atkinson.
18:51 of 1st period - Stopped by Juuse Saros without a rebound.
18:52 of 1st period - Theodor Blueger wins face-off versus Steven Stamkos in SALEM BLACK JAYS zone.
19:18 of 1st period - Shot by Kirill Kaprizov.
19:18 of 1st period - Shot Misses the Net.
19:28 of 1st period - Shot by Steven Stamkos.
19:28 of 1st period - Shot Misses the Net.
19:30 of 1st period - Shot by Mattias Samuelsson.
19:30 of 1st period - Shot Misses the Net.
19:32 of 1st period - Shot by Mattias Samuelsson.
19:32 of 1st period - Shot Misses the Net.
19:48 of 1st period - Shot by Cam Atkinson.
19:48 of 1st period - Stopped by Juuse Saros with a rebound.
19:54 of 1st period - Shot by Elias Pettersson.
19:54 of 1st period - Shot Hit the Post.
19:56 of 1st period - Shot by Jacob Trouba.
19:56 of 1st period - Shot Blocked by Joshua Morrissey.
19:58 of 1st period - Shot by Jacob Trouba.
19:58 of 1st period - Shot Blocked by Nick Jensen.
Goals for this period are 0 for RENO LIONS vs 1 for SALEM BLACK JAYS.
Shots for this period are 9 for RENO LIONS vs 5 for SALEM BLACK JAYS.

2nd period


0:01 of 2nd period - Elias Pettersson wins face-off versus Brian Boyle in neutral zone.
0:05 of 2nd period - Elias Pettersson is hit by Cody Ceci and loses puck.
0:23 of 2nd period - Shot by Cam Atkinson.
0:23 of 2nd period - Deflect By Elias Pettersson.
0:23 of 2nd period - Stopped by Juuse Saros with a rebound.
0:25 of 2nd period - Shot by Jacob Trouba.
0:25 of 2nd period - Shot Misses the Net.
0:27 of 2nd period - Shot by Elias Pettersson.
0:27 of 2nd period - Stopped by Juuse Saros without a rebound.
0:28 of 2nd period - Patrick Brown wins face-off versus Mathew Barzal in SALEM BLACK JAYS zone.
0:32 of 2nd period - Minor Penalty to Nicholas Ritchie for Unsportsmanlike conduct.
0:33 of 2nd period - Mathew Barzal wins face-off versus Patrick Brown in RENO LIONS zone.
0:42 of 2nd period - Shot by Mathew Barzal.
0:42 of 2nd period - Deflect By Mikko Rantanen.
0:42 of 2nd period - Shot Misses the Net.
1:18 of 2nd period - Shot by Mikko Rantanen.
1:18 of 2nd period - Shot Misses the Net.
1:20 of 2nd period - Shot by Mikko Rantanen.
1:20 of 2nd period - Shot Blocked by Mattias Samuelsson.
1:48 of 2nd period - Off-side.
1:49 of 2nd period - Martin Necas wins face-off versus Laurent Dauphin in neutral zone.
1:51 of 2nd period - Mitchell Marner is hit by Nikita Zadorov.
2:15 of 2nd period - Shot by Mitchell Marner.
2:15 of 2nd period - Shot Blocked by Nikita Zadorov.
2:17 of 2nd period - Shot by Mitchell Marner.
2:17 of 2nd period - Shot Misses the Net.
2:32 of 2nd period - Off-side.
2:33 of 2nd period - Steven Stamkos wins face-off versus Theodor Blueger in neutral zone.
4:07 of 2nd period - Shot by Mikko Rantanen.
4:07 of 2nd period - Stopped by Elvis Merzlikins without a rebound.
4:08 of 2nd period - Derek Grant wins face-off versus Martin Necas in RENO LIONS zone.
4:18 of 2nd period - Martin Necas is hit by Robert Hagg and loses puck.
4:21 of 2nd period - Shot by Martin Necas.
4:21 of 2nd period - Stopped by Elvis Merzlikins without a rebound.
4:22 of 2nd period - Dylan Cozens wins face-off versus Patrick Brown in RENO LIONS zone.
4:37 of 2nd period - Shot by Filip Chytil.
4:37 of 2nd period - Stopped by Elvis Merzlikins without a rebound.
4:38 of 2nd period - Derek Grant wins face-off versus Mathew Barzal in RENO LIONS zone.
5:04 of 2nd period - Shot by Mikko Rantanen.
5:04 of 2nd period - Stopped by Elvis Merzlikins without a rebound.
5:05 of 2nd period - Patrick Brown wins face-off versus Martin Necas in RENO LIONS zone.
5:12 of 2nd period - Shot by Mitchell Marner.
5:12 of 2nd period - Stopped by Elvis Merzlikins without a rebound.
5:13 of 2nd period - Steven Stamkos wins face-off versus Martin Necas in RENO LIONS zone.
5:52 of 2nd period - Shot by Mitchell Marner.
5:52 of 2nd period - Shot Misses the Net.
6:37 of 2nd period - Shot by Mikko Rantanen.
6:37 of 2nd period - Shot Misses the Net.
6:51 of 2nd period - Shot by Mikko Rantanen.
6:51 of 2nd period - Deflect By Mathew Barzal.
6:51 of 2nd period - Stopped by Elvis Merzlikins without a rebound.
6:52 of 2nd period - Derek Grant wins face-off versus Theodor Blueger in RENO LIONS zone.
7:02 of 2nd period - Shot by Jacob Trouba.
7:02 of 2nd period - Stopped by Juuse Saros without a rebound.
7:03 of 2nd period - Patrick Brown wins face-off versus Dylan Cozens in SALEM BLACK JAYS zone.
8:15 of 2nd period - Shot by Cam Atkinson.
8:15 of 2nd period - Shot Misses the Net.
8:31 of 2nd period - Shot by Mikko Rantanen.
8:31 of 2nd period - Stopped by Elvis Merzlikins without a rebound.
8:32 of 2nd period - Laurent Dauphin wins face-off versus Martin Necas in RENO LIONS zone.
8:45 of 2nd period - Icing by Martin Necas.
8:46 of 2nd period - Steven Stamkos wins face-off versus Mitchell Marner in SALEM BLACK JAYS zone.
8:57 of 2nd period - Shot by Evgeny Dadonov.
8:57 of 2nd period - Stopped by Elvis Merzlikins with a rebound.
8:59 of 2nd period - Shot by Michael Del Zotto.
8:59 of 2nd period - Shot Misses the Net.
9:01 of 2nd period - Shot by Martin Necas.
9:01 of 2nd period - Stopped by Elvis Merzlikins with a rebound.
9:03 of 2nd period - Shot by Mitchell Marner.
9:03 of 2nd period - Shot Misses the Net.
9:05 of 2nd period - Shot by Mitchell Marner.
9:05 of 2nd period - Deflect By Evgeny Dadonov.
9:05 of 2nd period - Stopped by Elvis Merzlikins with a rebound.
9:07 of 2nd period - Shot by Urho Vaakanainen.
9:07 of 2nd period - Shot Misses the Net.
9:09 of 2nd period - Shot by Martin Necas.
9:09 of 2nd period - Shot Misses the Net.
9:56 of 2nd period - Nick Jensen is hit by Ilya Mikheyev and loses puck.
10:38 of 2nd period - Mathew Barzal is hit by Mattias Samuelsson and loses puck.
10:51 of 2nd period - Mattias Samuelsson is hit by Mathew Barzal and loses puck.
10:56 of 2nd period - Shot by Mikko Rantanen.
10:56 of 2nd period - Shot Blocked by Nikita Zadorov.
11:53 of 2nd period - Icing by Mattias Samuelsson.
11:54 of 2nd period - Martin Necas wins face-off versus Derek Grant in RENO LIONS zone.
11:56 of 2nd period - Mitchell Marner is hit by Mattias Samuelsson and loses puck.
12:21 of 2nd period - Shot by Mitchell Marner.
12:21 of 2nd period - Deflect By Martin Necas.
12:21 of 2nd period - Stopped by Elvis Merzlikins with a rebound.
12:23 of 2nd period - Shot by Evgeny Dadonov.
12:23 of 2nd period - Stopped by Elvis Merzlikins without a rebound.
12:24 of 2nd period - Patrick Brown wins face-off versus Mathew Barzal in RENO LIONS zone.
12:24 of 2nd period - Patrick Brown is hit by Mikko Rantanen.
12:25 of 2nd period - Minor Penalty to Mathew Barzal for Charging.
12:26 of 2nd period - Brian Boyle wins face-off versus Steven Stamkos in SALEM BLACK JAYS zone.
13:11 of 2nd period - Steven Stamkos is hit by Scott Mayfield and loses puck.
13:46 of 2nd period - Shot by Glenn Gawdin.
13:46 of 2nd period - Stopped by Juuse Saros without a rebound.
13:47 of 2nd period - Steven Stamkos wins face-off versus Martin Necas in SALEM BLACK JAYS zone.
14:49 of 2nd period - Shot by Mathew Barzal.
14:49 of 2nd period - Shot Blocked by Ethan Bear.
15:58 of 2nd period - Ilya Mikheyev is hit by Scott Mayfield and loses puck.
16:03 of 2nd period - Shot by Cam Atkinson.
16:03 of 2nd period - Shot Misses the Net.
16:26 of 2nd period - Icing by Robert Hagg.
16:27 of 2nd period - Janne Kuokkanen wins face-off versus Theodor Blueger in RENO LIONS zone.
16:41 of 2nd period - Shot by Laurent Dauphin.
16:41 of 2nd period - Stopped by Juuse Saros without a rebound.
16:42 of 2nd period - Steven Stamkos wins face-off versus Evgeny Dadonov in SALEM BLACK JAYS zone.
16:49 of 2nd period - Shot by Elias Pettersson.
16:49 of 2nd period - Stopped by Juuse Saros without a rebound.
16:50 of 2nd period - Theodor Blueger wins face-off versus Steven Stamkos in SALEM BLACK JAYS zone.
16:56 of 2nd period - Icing by Nick Jensen.
16:57 of 2nd period - Theodor Blueger wins face-off versus Steven Stamkos in SALEM BLACK JAYS zone.
17:02 of 2nd period - Oliver Ekman-Larsson is hit by Brian Boyle and loses puck.
17:58 of 2nd period - Minor Penalty to Ilya Mikheyev for High sticking.
17:59 of 2nd period - Patrick Brown wins face-off versus Mathew Barzal in RENO LIONS zone.
18:29 of 2nd period - Off-side.
18:30 of 2nd period - Patrick Brown wins face-off versus Martin Necas in neutral zone.
Goals for this period are 0 for RENO LIONS vs 0 for SALEM BLACK JAYS.
Shots for this period are 6 for RENO LIONS vs 12 for SALEM BLACK JAYS.

3rd period


0:01 of 3rd period - Derek Grant wins face-off versus Martin Necas in neutral zone.
0:17 of 3rd period - Evgeny Dadonov is hit by Jacob Trouba.
1:13 of 3rd period - Shot by Mikko Rantanen.
1:13 of 3rd period - Shot Blocked by Jacob Trouba.
1:15 of 3rd period - Shot by Cody Ceci.
1:15 of 3rd period - Stopped by Elvis Merzlikins without a rebound.
1:16 of 3rd period - Theodor Blueger wins face-off versus Steven Stamkos in RENO LIONS zone.
1:38 of 3rd period - Shot by Steven Stamkos.
1:38 of 3rd period - Stopped by Juuse Saros with a rebound.
1:40 of 3rd period - Shot by Elias Pettersson.
1:40 of 3rd period - Stopped by Juuse Saros without a rebound.
1:41 of 3rd period - Patrick Brown wins face-off versus Mathew Barzal in SALEM BLACK JAYS zone.
1:41 of 3rd period - Andreas Johnsson is hit by Scott Mayfield and loses puck.
1:49 of 3rd period - Minor Penalty to Mattias Samuelsson for Hooking.
1:50 of 3rd period - Mathew Barzal wins face-off versus Patrick Brown in RENO LIONS zone.
2:09 of 3rd period - Shot by Joshua Morrissey.
2:09 of 3rd period - Shot Misses the Net.
2:11 of 3rd period - Shot by Troy Terry.
2:11 of 3rd period - Stopped by Elvis Merzlikins without a rebound.
2:12 of 3rd period - Martin Necas wins face-off versus Laurent Dauphin in RENO LIONS zone.
2:15 of 3rd period - Shot by Evgeny Dadonov.
2:15 of 3rd period - Shot Misses the Net.
2:29 of 3rd period - Shot by Evgeny Dadonov.
2:29 of 3rd period - Stopped by Elvis Merzlikins with a rebound.
3:36 of 3rd period - Shot by Mikko Rantanen.
3:36 of 3rd period - Stopped by Elvis Merzlikins without a rebound.
3:37 of 3rd period - Patrick Brown wins face-off versus Martin Necas in RENO LIONS zone.
4:02 of 3rd period - Shot by Theodor Blueger.
4:02 of 3rd period - Stopped by Elvis Merzlikins with a rebound.
4:04 of 3rd period - Shot by Urho Vaakanainen.
4:04 of 3rd period - Deflect By Theodor Blueger.
4:04 of 3rd period - Shot Misses the Net.
4:59 of 3rd period - Shot by Troy Terry.
4:59 of 3rd period - Stopped by Elvis Merzlikins without a rebound.
5:00 of 3rd period - Patrick Brown wins face-off versus Martin Necas in RENO LIONS zone.
5:00 of 3rd period - Patrick Brown is hit by Martin Necas.
5:16 of 3rd period - Shot by Patrick Brown.
5:16 of 3rd period - Deflect By Nicholas Ritchie.
5:16 of 3rd period - Stopped by Juuse Saros without a rebound.
5:17 of 3rd period - Glenn Gawdin wins face-off versus Mathew Barzal in SALEM BLACK JAYS zone.
5:56 of 3rd period - Shot by Troy Terry.
5:56 of 3rd period - Stopped by Elvis Merzlikins without a rebound.
5:57 of 3rd period - Martin Necas wins face-off versus Patrick Brown in RENO LIONS zone.
6:18 of 3rd period - Shot by Martin Necas.
6:18 of 3rd period - Shot Misses the Net.
6:24 of 3rd period - Shot by Evgeny Dadonov.
6:24 of 3rd period - Stopped by Elvis Merzlikins without a rebound.
6:25 of 3rd period - Derek Grant wins face-off versus Daniel Sprong in RENO LIONS zone.
6:36 of 3rd period - Jacob Trouba is hit by Brian Boyle and loses puck.
6:45 of 3rd period - Shot by Derek Grant.
6:45 of 3rd period - Stopped by Juuse Saros without a rebound.
6:46 of 3rd period - Steven Stamkos wins face-off versus Martin Necas in SALEM BLACK JAYS zone.
6:47 of 3rd period - Shot by Elias Pettersson.
6:47 of 3rd period - Stopped by Juuse Saros without a rebound.
6:48 of 3rd period - Steven Stamkos wins face-off versus Martin Necas in SALEM BLACK JAYS zone.
8:22 of 3rd period - Shot by Mathew Barzal.
8:22 of 3rd period - Shot Blocked by Cam Atkinson.
10:13 of 3rd period - Off-side.
10:14 of 3rd period - Laurent Dauphin wins face-off versus Mathew Barzal in neutral zone.
10:14 of 3rd period - Laurent Dauphin is hit by Mikko Rantanen.
10:49 of 3rd period - Off-side.
10:50 of 3rd period - Steven Stamkos wins face-off versus Martin Necas in neutral zone.
11:03 of 3rd period - Shot by Kirill Kaprizov.
11:03 of 3rd period - Shot Misses the Net.
11:10 of 3rd period - Icing by Joshua Morrissey.
11:11 of 3rd period - Martin Necas wins face-off versus Derek Grant in SALEM BLACK JAYS zone.
11:19 of 3rd period - Icing by Ilya Mikheyev.
11:20 of 3rd period - Derek Grant wins face-off versus Mathew Barzal in RENO LIONS zone.
11:45 of 3rd period - Shot by Cam Atkinson.
11:45 of 3rd period - Stopped by Juuse Saros without a rebound.
11:46 of 3rd period - Steven Stamkos wins face-off versus Martin Necas in SALEM BLACK JAYS zone.
11:49 of 3rd period - Shot by Elias Pettersson.
11:49 of 3rd period - Shot Misses the Net.
12:05 of 3rd period - Martin Necas is hit by Jacob Trouba and loses puck.
12:16 of 3rd period - Kirill Kaprizov is hit by Nick Jensen and loses puck.
13:13 of 3rd period - Shot by Troy Terry.
13:13 of 3rd period - Shot Misses the Net.
13:41 of 3rd period - Off-side.
13:42 of 3rd period - Patrick Brown wins face-off versus Dylan Cozens in neutral zone.
13:57 of 3rd period - Dylan Cozens is hit by Nicholas Ritchie and loses puck.
14:03 of 3rd period - Dylan Cozens is hit by Robert Hagg and loses puck.
16:35 of 3rd period - Icing by Mattias Samuelsson.
16:36 of 3rd period - Dylan Cozens wins face-off versus Laurent Dauphin in RENO LIONS zone.
16:42 of 3rd period - Icing by Laurent Dauphin.
16:43 of 3rd period - Martin Necas wins face-off versus Laurent Dauphin in RENO LIONS zone.
16:43 of 3rd period - Mitchell Marner is hit by Nikita Zadorov and loses puck.
16:59 of 3rd period - Off-side.
17:00 of 3rd period - Theodor Blueger wins face-off versus Derek Grant in neutral zone.
17:00 of 3rd period - Daniel Sprong is hit by Ilya Mikheyev and loses puck.
17:12 of 3rd period - Theodor Blueger is hit by Jacob Trouba and loses puck.
17:23 of 3rd period - Shot by Cam Atkinson.
17:23 of 3rd period - Shot Misses the Net.
18:06 of 3rd period - Shot by Martin Necas.
18:06 of 3rd period - Deflect By Mitchell Marner.
18:06 of 3rd period - Shot Blocked by Jacob Trouba.
18:08 of 3rd period - Shot by Evgeny Dadonov.
18:08 of 3rd period - Shot Misses the Net.
18:10 of 3rd period - Shot by Mitchell Marner.
18:10 of 3rd period - Shot Blocked by Jacob Trouba.
18:49 of 3rd period - Icing by Scott Mayfield.
18:50 of 3rd period - Patrick Brown wins face-off versus Troy Terry in SALEM BLACK JAYS zone.
19:10 of 3rd period - Troy Terry is hit by Robert Hagg and loses puck.
19:18 of 3rd period - Icing by Ethan Bear.
19:19 of 3rd period - Patrick Brown wins face-off versus Mathew Barzal in RENO LIONS zone.
19:19 of 3rd period - Patrick Brown is hit by Mitchell Marner.
19:58 of 3rd period - Patrick Brown is hit by Joshua Morrissey and loses puck.
Goals for this period are 0 for RENO LIONS vs 0 for SALEM BLACK JAYS.
Shots for this period are 6 for RENO LIONS vs 8 for SALEM BLACK JAYS.


JOHNNY
GAUDREAU
MATTHEW
BOLDY
OWEN
TIPPETT

EAST COAST

HOCKEY LEAGUE

  • 29.PIT6MAN7
  • 30.ATL6NHW2
  • 31.WOR4PET3
  • 32.3RHI4
  • 33.CHIQUE
  • 34.LIMCHA
  • 35.LONTRV
  • 36.BALCHW